 Dungeon Crawl Stone Soup version 0.28.0-53-g5a82cb258f (webtiles) character file.

Game seed: 1469060955051268255

3156 Ashen the Ogre Mage (level 9, 0/88 HPs)
             Began as an Ogre Ice Elementalist on June 29, 2022.
             Was a Follower of Vehumet.
             Shot with a sling bullet by Joseph (17 damage)
             ... on level 8 of the Dungeon.
             The game lasted 00:20:58 (12854 turns).

Ashen the Ogre Mage (Ogre Ice Elementalist)        Turns: 12854, Time: 00:20:59

Health: 0/88       AC:  3    Str: 14    XL:     9   Next: 93%
Magic:  18/18      EV: 10    Int: 20    God:    Vehumet [*.....]
Gold:   441        SH:  0    Dex:  9    Spells: 9/20 levels left

rFire   . . .      SeeInvis .   w - +3 dagger (venom)
rCold   . . .      Faith    .   (no shield)
rNeg    + . .      Spirit   .   a - +0 robe
rPois   .          Reflect  .   (helmet restricted)
rElec   .          Harm     .   (no cloak)
rCorr   .          Rampage  .   (gloves unavailable)
Will    .....                   (boots unavailable)
Stlth   +++.......              (no amulet)
HPRegen 0.24/turn               k - ring of wizardry
MPRegen 0.16/turn               s - ring of positive energy

@: no status effects
A: large, unfitting armour, tough skin 1
a: Renounce Religion


You were on level 8 of the Dungeon.
You worshipped Vehumet.
Vehumet was aware of your devotion.
You visited 2 branches of the dungeon, and saw 9 of its levels.

You collected 441 gold pieces.

Inventory:

Hand Weapons
 t - a +0 flail
 u - a +0 giant spiked club
 w - a +3 dagger of venom (weapon)
 x - a +0 rapier of freezing
Missiles
 c - 13 atropa-tipped darts (quivered)
 C - 6 curare-tipped darts
Armour
 a - a +0 robe (worn)
Jewellery
 k - a ring of wizardry (left hand)
 s - a ring of positive energy (right hand)
Wands
 p - a wand of polymorph (9)
 z - a wand of iceblast (9)
 D - a wand of acid (12)
 G - a wand of flame (11)
 H - a wand of paralysis (8)
Scrolls
 d - a scroll of brand weapon {unknown}
 f - a scroll of magic mapping {unknown}
 g - 2 scrolls of holy word {unknown}
 h - 3 scrolls of noise {unknown}
 j - 3 scrolls of fog {unknown}
 n - 5 scrolls of teleportation {unknown}
 o - a scroll of torment {unknown}
 q - 7 scrolls of fear {unknown}
 v - a scroll of enchant armour {unknown}
 y - 3 scrolls of identify
 B - 2 scrolls of blinking {unknown}
Potions
 b - a potion of magic {unknown}
 e - 4 potions of brilliance
 i - 3 potions of lignification {unknown}
 l - a potion of cancellation {unknown}
 m - a potion of attraction
 r - 2 potions of invisibility
 A - a potion of haste {unknown}
 E - a potion of resistance {unknown}
 F - a potion of ambrosia {unknown}


   Skills:
 + Level 5.1 Fighting
 + Level 5.0 Maces & Flails
 + Level 5.0 Dodging
 - Level 5.0 Stealth
 + Level 6.1 Spellcasting
 + Level 5.0 Conjurations
 + Level 5.0 Ice Magic


You had 9 spell levels left.
You knew the following spells:

 Your Spells              Type           Power      Damage    Failure   Level
a - Freeze                Ice            100%       1d11      1%          1
b - Frozen Ramparts       Ice            52%        1d7       1%          3
c - Ozocubu's Armour      Ice            26%        N/A       1%          3
d - Hailstorm             Conj/Ice       26%        3d7       5%          4

Your spell library contained the following spells:

 Spells                   Type           Power      Damage    Failure   Level
 Foxfire                  Conj/Fire      64%        2x1d7     1%          1
 Ensorcelled Hibernation  Hex/Ice        32%        N/A       2%          2
 Animate Skeleton         Necr           12%        N/A       4%          1
 Apportation              Tloc           12%        N/A       4%          1
 Summon Small Mammal      Summ           24%        N/A       4%          1
 Scorch                   Fire           12%        2d6       6%          2
 Call Canine Familiar     Summ           6%         N/A       12%         3
 Portal Projectile        Hex/Tloc       12%        N/A       12%         3
 Spider Form              Tmut/Pois      6%         N/A       12%         3
 Flame Wave               Conj/Fire      16%        2d6       16%         4
 Anguish                  Hex/Necr       3%         N/A       38%         4
 Leda's Liquefaction      Hex/Erth       3%         N/A       38%         4
 Summon Lightning Spire   Summ/Air       6%         N/A       38%         4
 Conjure Ball Lightning   Conj/Air       8%         3x3d6     89%         6
 Summon Cactus Giant      Summ           3%         N/A       99%         6
 Summon Hydra             Summ           3%         N/A       100%        7
 Discord                  Hex            3%         N/A       100%        8
 Disjunction              Tloc           3%         N/A       100%        8
 Dragon's Call            Summ           3%         N/A       100%        9


Dungeon Overview and Level Annotations

Branches:
Dungeon (8/15)             Temple (1/1) D:4
   Lair: D:8-11

Altars:
Ashenzari
Cheibriados
Dithmenos
Elyvilon
Fedhas
Gozag
Hepliaklqana
Kikubaaqudgha
Makhleb
Nemelex Xobeh
Okawaru
Qazlal
Ru
Sif Muna
Uskayaw
Vehumet
Wu Jian
Xom
Yredelemnul
Zin
The Shining One

Annotations:
D:8 Joseph


Innate Abilities, Weirdness & Mutations

You are too large for most types of armour.
You have tough skin. (AC +1)


Message History

You hit the killer bee.
You kill the killer bee!
Vehumet accepts your kill.
You feel sick.
Your icy armour cracks and falls away as you move.
You feel sick.
You feel sick.
You feel sick.
Magic restored.
You feel sick.
You feel sick.
You feel sick.
You are no longer poisoned.
Items here: ))) [ รท.
There is a stone staircase leading up here.
Items here: ))) [.
There is a stone staircase leading up here.
Found a robe.
Found a stone staircase leading up.
H - a wand of paralysis (8)
A bullfrog comes into view.
Joseph, a Mercenary comes into view.
He is wielding a +7 quarterstaff and wearing a +3 leather armour of fire resistance.
Found 2 curare-tipped darts.
The helpless Joseph fails to defend himself.
You puncture Joseph!
Joseph is poisoned.
Joseph is moderately wounded.
Joseph hits you with a +7 quarterstaff!!
The bullfrog croaks.
You closely miss Joseph.
Joseph is lightly wounded.
Joseph hits you with a +7 quarterstaff!
Joseph unwields a +7 quarterstaff.
Joseph wields a +5 hunting sling of flaming.
It bursts into flame!
Joseph shoots a sling bullet.
The sling bullet hits you! The sling bullet burns you.
Joseph shoots a sling bullet.
The sling bullet hits you!!
* * * LOW HITPOINT WARNING * * *
The sling bullet burns you.
* * * LOW HITPOINT WARNING * * *
There is a stone staircase leading up, spattered with blood here.
Joseph shoots a sling bullet.
The sling bullet hits you!
You die...

.# #.#.# # .# #.#.#
###.### .###.#.#
......##..##.#.#
#.##..F.# #.#.# #.#.#.#
#.#.# ##.##...## #.#.#
#.......#####.#.########
##.###..F@...@..........
#..########.###.### #..#
#.# #..# #.# #..# #.#
...# #.# .#... .[# ##.##
###


You could see Joseph (very poisoned) and a bullfrog.

Vanquished Creatures
  A hornet (D:5)
  2 steam dragons
  Edmund (D:6)
  Duvessa (D:5)
  2 water moccasins
  An orc warrior (D:7)
  2 sky beasts
  2 necrophages
  3 ogres
  A phantom (D:6)
  A kobold brigand (D:6)
  3 scorpions
  A wyvern skeleton (D:6)
  Dowan (D:5)
  2 water moccasin skeletons
  3 killer bees (D:8)
  5 electric eels (D:7)
  A howler monkey (D:4)
  A bullfrog zombie (D:4)
  3 hounds
  A gnoll shaman (D:7)
  A centaur skeleton (D:7)
  5 orc priests
  3 jellies
  3 iguanas
  A killer bee zombie (D:8)
  5 gnolls (D:7)
  5 adders
  A white imp (D:7)
  2 ufetubi
  2 worms (D:2)
  4 dart slugs
  12 orcs
  4 ball pythons
  8 bats
  4 endoplasms
  4 giant cockroaches
  5 goblins
  5 hobgoblins
  2 jackals
  2 quokkas
  3 frilled lizards
  9 kobolds
  4 rats
132 creatures vanquished.

Vanquished Creatures (others)
  20 plants (D:7)
20 creatures vanquished.

Grand Total: 152 creatures vanquished

Notes
Turn   | Place    | Note
-------+----------+-------------------------------------------
     0 | D:1      | Ashen the Ogre Ice Elementalist began the quest for the
                  | Orb.
     0 | D:1      | Reached XP level 1. HP: 16/16 MP: 3/3
   266 | D:1      | Reached XP level 2. HP: 14/26 MP: 1/5
   604 | D:1      | Found a faded altar of an unknown god.
   744 | D:1      | Reached skill level 1 in Fighting
   829 | D:1      | Reached skill level 3 in Spellcasting
  1010 | D:1      | Reached XP level 3. HP: 29/33 MP: 4/7
  1237 | D:2      | Learned a level 3 spell: Frozen Ramparts
  1241 | D:2      | Learned a level 3 spell: Ozocubu's Armour
  2103 | D:2      | Reached XP level 4. HP: 37/42 MP: 6/9
  2779 | D:3      | Reached XP level 5. HP: 49/49 MP: 10/10
  2907 | D:3      | Got Asmodeus's Grimoire of Creation
  2913 | D:3      | Learned a level 4 spell: Hailstorm
  3519 | D:4      | Reached skill level 4 in Spellcasting
  3721 | D:4      | Reached XP level 6. HP: 10/59 MP: 12/12
  4378 | D:4      | Found a staircase to the Ecumenical Temple.
  4385 | Temple   | Entered the Ecumenical Temple
  4989 | Temple   | Became a worshipper of Vehumet
  5104 | D:4      | Reached skill level 1 in Maces & Flails
  5501 | D:4      | Reached skill level 1 in Conjurations
  5513 | D:5      | Entered Level 5 of the Dungeon
  5628 | D:5      | Noticed a sky beast
  5646 | D:5      | Noticed an ice beast
  6022 | D:5      | Reached XP level 7. HP: 45/67 MP: 10/14
  6211 | D:5      | Reached skill level 5 in Spellcasting
  6332 | D:5      | Noticed a hornet
  6350 | D:5      | Noticed Duvessa
  6358 | D:5      | Noticed Dowan
  6412 | D:5      | Paralysed by a hornet for 2 turns
  6417 | D:5      | Killed a hornet
  6418 | D:5      | Killed Duvessa
  6419 | D:5      | Reached XP level 8. HP: 58/78 MP: 7/16
  6424 | D:5      | Killed Dowan
  6995 | D:5      | Reached skill level 6 in Spellcasting
  7224 | D:6      | Reached skill level 5 in Ice Magic
  7236 | D:6      | Reached * piety under Vehumet
  7236 | D:6      | Offered knowledge of Foxfire by Vehumet.
  7763 | D:6      | Reached skill level 5 in Fighting
  7873 | D:6      | Reached XP level 9. HP: 68/88 MP: 13/18
  8374 | D:6      | Noticed Edmund
  8388 | D:6      | Killed Edmund
 10291 | D:7      | Reached skill level 5 in Dodging
 12174 | D:8      | Reached skill level 5 in Stealth
 12254 | D:8      | Reached skill level 5 in Maces & Flails
 12254 | D:8      | Reached skill level 5 in Conjurations
 12843 | D:8      | Noticed Joseph
 12854 | D:8      | Shot with a sling bullet by Joseph

Illustrated notes

Levels and vault maps discovered:
D:1:      lightli_arrival_quake, layout_rooms,
          hellmonk_ecumenical_altar_zigzags, chequers_big_river
D:2:      minmay_chambers_of_twos, layout_loops_ring, grunt_ministairs_9
D:3:      layout_basic
D:4:      layout_cave_pods, minmay_temple_entry_trees, kennysheep_nub
D:5:      layout_rooms, grunt_ministairs_13, uniq_duvessa
D:6:      layout_basic, grunt_ministairs_14, uniq_edmund
D:7:      layout_loops_ring, serial_bayou_lagoon_b
D:8:      layout_loops_ring, trog_wizard, uniq_joseph
Temple:   mainiacjoe_temple_starburst

Skill      XL: |  1  2  3  4  5  6  7  8  9 |
---------------+----------------------------+-----
Fighting       | 1 2 3 5 |  5.1
Dodging        | 2 3 4 5 |  5.0
Spellcasting   | 3 4 5 6 |  6.1
Stealth        | 2 3 5 |  5.0
Ice Magic      | 4 5 |  5.0
Maces & Flails | 1 2 3 5 |  5.0
Conjurations   | 1 2 3 5 |  5.0

Action                   |  1- 3 |  4- 6 |  7- 9 || total
-------------------------+-------+-------+-------++-------
Melee: Club              |    12 |     6 |       ||    18
       Unarmed           |     1 |       |     1 ||     2
       Mace              |       |     8 |       ||     8
       Punch             |       |     1 |     3 ||     4
       Flail             |       |    38 |     1 ||    39
       Dagger            |       |       |   138 ||   138
       Giant spiked club |       |       |    85 ||    85
 Cast: Freeze            |    53 |    48 |    19 ||   120
       Ozocubu's Armour  |       |     1 |    23 ||    24
       Frozen Ramparts   |       |     1 |    15 ||    16
       Hailstorm         |       |       |     9 ||     9
Evoke: Wand              |       |       |     2 ||     2
  Use: Potion            |       |     2 |     3 ||     5
       Scroll            |       |     4 |       ||     4
 Stab: Sleeping          |     2 |     4 |     7 ||    13
Armor: Robe              |    17 |    22 |    78 ||   117
Dodge: Dodged            |    21 |    55 |   149 ||   225
